 Dungeon Crawl Stone Soup version 0.21.1-1-g345015fe64 (webtiles) character file.

154 Gargoyl the Skirmisher (level 5, 0/45 HPs)
             Began as a Centaur Abyssal Knight on July 2, 2018.
             Was a Believer of Lugonu.
             Slain by makkenr95's ghost (11 damage)
             ... on level 4 of the Dungeon.
             The game lasted 00:05:12 (2969 turns).

Gargoyl the Skirmisher (Centaur Abyssal Knight)     Turns: 2969, Time: 00:05:12

Health: 0/45       AC:  9    Str: 15    XL:     5   Next: 13%
Magic:  7/7        EV:  8    Int: 11    God:    Lugonu [**....]
Gold:   157        SH:  3    Dex:  9    Spells: 4/4 levels left

rFire    . . .     SeeInvis +   a - +1 hand axe
rCold    . . .     Gourm    .   (no shield)
rNeg     . . .     Faith    .   e - +3 ring mail of Cinton {Slay+5 SInv}
rPois    .         Spirit   .   (no helmet)
rElec    .         Reflect  +   g - scarf {cloud immunity}
rCorr    .         Harm     .   (no gloves)
MR       .....                  (no barding)
Stlth    ..........             n - +3 amulet of reflection
HPRegen  0.15/turn              (no ring)
MPRegen  0.10/turn              (no ring)

@: very quick
A: large, hooves 3, deformed body, speed 2, tough skin 3
a: Depart the Abyss, Bend Space, Renounce Religion


You were on level 4 of the Dungeon.
You worshipped Lugonu.
Lugonu was pleased with you.
You were not hungry.

You visited 1 branch of the dungeon, and saw 4 of its levels.
You visited the Abyss 1 time.

You collected 157 gold pieces.

Inventory:

Hand Weapons
 a - a +1 hand axe (weapon)
Armour
 e - the +3 ring mail of Cinton (worn) {Slay+5 SInv}
   (You found it on level 2 of the Abyss)

   It affects your accuracy and damage with ranged weapons and melee attacks
   (+5).
   It lets you see invisible.
 g - a scarf of cloud immunity (worn)
Jewellery
 n - a +3 amulet of reflection (around neck)
Wands
 q - a wand of iceblast (7)
 r - a wand of acid (4)
Scrolls
 i - 2 scrolls of remove curse
 j - a scroll of teleportation
 m - a scroll of enchant armour
Potions
 b - 3 potions of curing
 d - a potion of lignification {unknown}
 f - 2 potions of agility
 h - 2 potions of haste {unknown}
 l - 3 potions of brilliance {unknown}
 o - 2 potions of berserk rage {unknown}
 p - 2 potions of degeneration {unknown}
Comestibles
 c - 6 rations


   Skills:
 + Level 3.6 Fighting
 + Level 2.8 Axes
 * Level 2.4 Armour
 + Level 1.0 Dodging
 * Level 3.1 Invocations


You had 4 spell levels left.
You didn't know any spells.

Dungeon Overview and Level Annotations

Branches:
Dungeon (4/15)             Temple (0/1) D:4

Altars:
Kikubaaqudgha
Ru
Yredelemnul

Annotations:
D:4 Edmund; makkenr95's ghost, amateur MiFi


Innate Abilities, Weirdness & Mutations

You have hooves in place of feet.
Armour fits poorly on your strangely shaped body.
You cover ground very quickly.
You have extremely tough skin. (AC +3)


Message History

You kill the orc!
Lugonu accepts your kill.
You hit makkenr95's ghost. You hit Edmund. You closely miss the orc priest.
Edmund hits you with a flail of crushing!
Makkenr95's ghost wails, "They lied to you.
The Dungeon just goes down and down forever."
Makkenr95's ghost barely misses you.
The orc priest hits you with a hand axe.
Makkenr95's ghost barely misses you.
Edmund hits you with a flail of crushing!
* * * LOW HITPOINT WARNING * * *
x2
Things that are here:
a hand axe of chopping; a leather armour; an orc corpse Unknown command.
It was a potion of curing.
You feel better. You block makkenr95's ghost's attack.
Edmund hits you with a flail of crushing!
* * * LOW HITPOINT WARNING * * *
x2 The orc priest casts a cantrip, but nothing happens.
You feel better. Makkenr95's ghost hits you!
You die...

#..............
#.#..#..#######
#.#.##..# .
#.......# ..
###.#####
..[#########.....
..........##..#
.......W@)...)#
.....r.@o)...<#
....#########.# .
#.# ##### ###.###
#.... ###'###
#####
######⌠.⌠#########
....a#.>.'=.....##
.#####⌠.⌠######...
###+### #....


You could see Edmund, an orc priest, makkenr95's ghost and a quokka.

Vanquished Creatures
  A crimson imp (D:2)
  4 adders
  3 worms (D:2)
  3 dart slugs (D:1)
  2 leopard geckos
  6 orcs
  A bat (D:1)
  A giant cockroach (D:1)
  11 goblins
  7 hobgoblins
  8 jackals (D:1)
  A quokka (D:4)
  2 frilled lizards
  4 kobolds
  7 rats
61 creatures vanquished.

Vanquished Creatures (others)
  A human (D:3)
1 creature vanquished.

Grand Total: 62 creatures vanquished

Notes
Turn   | Place    | Note
-------+----------+-------------------------------------------
     0 | Abyss:1  | Gargoyl the Centaur Abyssal Knight began the quest for the Orb.
     0 | Abyss:1  | Reached XP level 1. HP: 19/19 MP: 2/2
    59 | Abyss:2  | Got a distressingly furry ring mail
    70 | Abyss:2  | Identified the +3 ring mail of Cinton {Slay+5 SInv} (You found it on level 2 of the Abyss)
    93 | Abyss:2  | Noticed a small abomination
   105 | Abyss:2  | Noticed an ancient zyme
   226 | Abyss:2  | Noticed a quasit
   232 | Abyss:2  | Noticed a small abomination
   261 | Abyss:2  | Noticed a wretched star
   264 | D:1      | Escaped the Abyss
   362 | D:1      | Reached * piety under Lugonu
   363 | D:1      | Reached XP level 2. HP: 23/26 MP: 3/3
   959 | D:1      | Reached XP level 3. HP: 31/31 MP: 4/4
  1046 | D:1      | You fall through a shaft!
  1085 | D:2      | Found an ancient bone altar of Kikubaaqudgha.
  1544 | D:2      | Reached ** piety under Lugonu
  1705 | D:2      | Reached XP level 4. HP: 36/38 MP: 6/6
  2037 | D:2      | Found a sacrificial altar of Ru.
  2051 | D:2      | Reached skill level 1 in Dodging
  2291 | D:3      | Reached XP level 5. HP: 38/45 MP: 7/7
  2463 | D:2      | Found a basalt altar of Yredelemnul.
  2511 | D:3      | Found an ancient bone altar of Kikubaaqudgha.
  2512 | D:3      | Noticed a human
  2514 | D:3      | Killed a human
  2940 | D:4      | Found a staircase to the Ecumenical Temple.
  2957 | D:4      | Noticed Edmund
  2960 | D:4      | Noticed makkenr95's ghost (amateur MiFi)
  2969 | D:4      | Slain by makkenr95's ghost

Skill      XL: |  1  2  3  4 |
---------------+-------------+-----
Armour         | 2 |  2.4
Axes           | 2 |  2.8
Dodging        | 1 |  1.0
Invocations    | 3 |  3.1
Fighting       | |  3.6

Action                   |  1- 3 |  4- 6 || total
-------------------------+-------+-------++-------
Melee: Hand axe          |    67 |    34 ||   101
       Kick              |    10 |     9 ||    19
Invok: Depart the Abyss  |     1 |       ||     1
  Use: Scroll            |     4 |     5 ||     9
       Potion            |       |     2 ||     2
  Eat: Chunk             |     1 |     3 ||     4
Armor: Ring mail         |    38 |    16 ||    54
Dodge: Dodged            |    41 |    15 ||    56
Block: Other             |       |     2 ||     2
